 Dungeon Crawl Stone Soup version 0.30-a0-622-gddc90eaa04 (webtiles) character file.

Game seed: 7966140053708106583

4794 ragingrage the Skirmisher (level 10, -10/63 HPs)
             Began as a Red Draconian Hexslinger on Jan 10, 2023.
             Was a Believer of Hepliaklqana.
             Mangled by a boulder beetle (45 damage)
             ... on level 9 of the Dungeon.
             The game lasted 00:12:20 (8363 turns).

ragingrage the Skirmisher (DrHs)                    Turns: 8363, Time: 00:12:21

Health: -10/63     AC:  9    Str: 15    XL:     10   Next: 24%
Magic:  20/20      EV: 12    Int: 19    God:    Hepliaklqana [**....]
Gold:   440        SH:  0    Dex: 20    Spells: 4/11 levels left

rFire   + . .      SeeInvis .    a - +3 sling (elec)
rCold   . . .      Faith    .    (no shield)
rNeg    . . .      Spirit   .    (body armour unavailable)
rPois   +          Reflect  .    (helmet restricted)
rElec   .          Harm     .    (no cloak)
rCorr   .          Rampage  .    D - +1 pair of gloves of the Moon Troll {rPois Str+2 Dex+4 Slay+2}
Will    .....                    (no boots)
Stlth   ++                       L - amulet of regeneration
HPRegen 1.10/turn                p - ring of magical power
MPRegen 0.17/turn                u - +6 ring of intelligence

@: short of breath
A: reduced essence, breathe fire, AC +7, unfitting armour, fire resistance 1,
cold-blooded
a: Breathe Fire, Renounce Religion, Recall Ancestor, Ancestor Identity


You were on level 9 of the Dungeon.
You worshipped Hepliaklqana.
Hepliaklqana was pleased with you.
You visited 2 branches of the dungeon, and saw 10 of its levels.

You collected 440 gold pieces.

Inventory:

Hand Weapons
 a - a +3 sling of electrocution (weapon)
 m - a +1 dagger of speed
 G - a +0 arbalest
 K - a +2 shortbow of freezing
Missiles
 q - 8 poisoned darts
 H - a curare-tipped dart
Armour
 D - the +1 pair of gloves of the Moon Troll (worn) {rPois Str+2 Dex+4 Slay+2}
   (You found it on level 6 of the Dungeon)

   Str:       It affects your strength (+2).
   Dex:       It affects your dexterity (+4).
   Slay:      It affects your accuracy & damage with ranged weapons and melee
   (+2).
   rPois:     It protects you from poison.
Jewellery
 p - a ring of magical power (left hand)
 u - a +6 ring of intelligence (right hand)
 L - an amulet of regeneration (around neck)
Wands
 t - a wand of iceblast (12)
 F - a wand of flame (11)
 J - a wand of charming (10)
Scrolls
 b - 3 scrolls of poison
 c - 2 scrolls of noise {unknown}
 d - 3 scrolls of enchant weapon {unknown}
 e - a scroll of fog {unknown}
 f - a scroll of immolation {unknown}
 g - a scroll of enchant armour {unknown}
 i - a scroll of brand weapon {unknown}
 l - 2 scrolls of amnesia {unknown}
 n - a scroll of torment {unknown}
 o - 9 scrolls of identify {unknown}
 w - 2 scrolls of teleportation {unknown}
 x - 3 scrolls of fear {unknown}
 y - 2 scrolls of silence {unknown}
 C - 3 scrolls of vulnerability {unknown}
 E - 2 scrolls of blinking {unknown}
 I - a scroll of acquirement {unknown}
Potions
 h - 2 potions of mutation {unknown}
 j - 2 potions of cancellation {unknown}
 k - 3 potions of lignification {unknown}
 r - a potion of heal wounds {unknown}
 s - a potion of curing {unknown}
 z - 2 potions of brilliance {unknown}
 A - 2 potions of magic {unknown}
 B - a potion of attraction {unknown}


   Skills:
 - Level 1.1 Fighting
 * Level 12.8 Ranged Weapons
 - Level 1.7 Dodging
 - Level 1.0 Spellcasting
 - Level 6.0 Hexes


You had 4 spell levels left.
You knew the following spells:

 Your Spells              Type           Power      Damage    Failure   Level
a - Slow                  Hex            92%        N/A       1%          1
b - Tukima's Dance        Hex            23%        N/A       4%          3
c - Portal Projectile     Hex/Tloc       24%        N/A       16%         3

Your spell library contained the following spells:

 Spells                   Type           Power      Damage    Failure   Level
 Inner Flame              Hex/Fire       12%        N/A       16%         3
 Summon Guardian Golem    Hex/Summ       12%        N/A       16%         3
 Cause Fear               Hex            11%        N/A       16%         4
 Apportation              Tloc           0%         N/A       19%         1
 Magic Dart               Conj           0%         1d3       19%         1
 Necrotise                Necr           0%         1d4       19%         1
 Shock                    Conj/Air       0%         1d3       19%         1
 Summon Small Mammal      Summ           0%         N/A       19%         1
 Searing Ray              Conj           0%         2d4       28%         2
 Fulminant Prism          Conj/Hex       6%         3d6       47%         4
 Call Canine Familiar     Summ           0%         N/A       50%         3
 Swiftness                Air            0%         N/A       50%         3
 Vampiric Draining        Necr           0%         2d6       50%         3
 Airstrike                Air            0%         2d(0-16)  88%         4
 Passage of Golubria      Tloc           0%         N/A       88%         4
 Yara's Violent Unravell  Hex/Tmut       6%         3d5       83%         5
 Agony                    Necr           0%         N/A       99%         5
 Alistair's Intoxication  Tmut/Pois      0%         N/A       99%         5


Dungeon Overview and Level Annotations

Branches:
Dungeon (9/15)             Temple (1/1) D:4
   Lair: D:8-11         Orc: D:9-12

Altars:
Ashenzari
Cheibriados
Dithmenos
Elyvilon
Fedhas
Gozag
Hepliaklqana
Kikubaaqudgha
Makhleb
Nemelex Xobeh
Okawaru
Qazlal
Ru
Sif Muna
Trog
Uskayaw
Vehumet
Wu Jian
Xom
Yredelemnul
The Shining One

Annotations:
D:6 3 runed translucent doors, Bediveer's ghost, novice HuWn; Zonian's ghost, novice VSBr


Innate Abilities, Weirdness & Mutations

Your life essence is reduced to manifest your ancestor. (-10% HP)
You can breathe blasts of fire.
Your fiery red scales are hard. (AC +7)
You cannot fit into any form of body armour.
Your flesh is heat resistant. (rF+)
You are cold-blooded and may be slowed by cold attacks.


Message History

The cyclops is severely wounded.
Servia barely misses the cyclops.
You shoot a sling bullet. The sling bullet hits the cyclops.
Lightning courses through the cyclops!
The cyclops is almost dead.
The cyclops throws a large rock.
The large rock hits you!!
Ouch! That really hurt!
You are too injured to fight recklessly!
Fire: a) +3 sling (elec)
Press: ? - help, Q - select action, (/) - cycle Shift-Dir - straight line, f/p - cyclops
Aim: a cyclops, quivering large rocks (almost dead, ally target, 89% to hit)
You shoot a sling bullet.
The sling bullet hits the cyclops but does no damage.
The cyclops is almost dead.
Servia hits the cyclops with a +0 flail!
The cyclops dies!
Throw: 2 darts (curare)
Press: ? - help, Shift-Dir - straight line, f - boulder beetle
Aim: a boulder beetle (rolling, 90% to hit)
You throw a curare-tipped dart.
The curare-tipped dart hits the boulder beetle.
The boulder beetle is poisoned.
The boulder beetle convulses.
The boulder beetle seems to slow down.
The boulder beetle is lightly wounded.
Okay, then.
Fire: a) +3 sling (elec)
Press: ? - help, Q - select action, (/) - cycle Shift-Dir - straight line, f/p - boulder beetle
Aim: a boulder beetle (lightly wounded, rolling, very poisoned, slow, ally target, 92% to hit)
You shoot a sling bullet.
The sling bullet hits the boulder beetle but does no damage.
The boulder beetle is lightly wounded.
Aiming: Breathe Fire (3% risk of failure)
Press: ? - help, Shift-Dir - straight line, f/p - boulder beetle
Aim: a boulder beetle (lightly wounded, rolling, very poisoned, slow, ally target, 100% to hit)
You breathe a blast of fire.
The fiery breath hits the boulder beetle but does no damage.
The boulder beetle is lightly wounded.
The boulder beetle hits you!!!
Ouch! That really hurt!
You die...

..# # # # #. ### #...
..### ##°.... ....###
###.°(..# ......###
###.@BR..##
..#.....#####.........#
#.###.....#.....#####...
#..####.......### #
##R#....####### #...####
##..# #..# ##.#


You could see the friendly Servia the knight and a boulder beetle (rolling, very
poisoned, slow, ally target).

Vanquished Creatures
  A hornet (D:7)
  Grinder (D:4)
  Prince Ribbit (D:6)
  Sigmund (D:4)
  Edmund (D:4)
  A water moccasin (D:7)
  An orc warrior (D:8)
  2 sky beasts
  3 centaurs (D:8)
  A phantom (D:7)
  4 necrophages
  3 scorpions
  6 howler monkeys
  5 orc priests
  2 hounds
  3 iguanas
  3 orc wizards
  Robin (D:3)
  4 gnolls
  4 adders
  2 ufetubi
  2 dart slugs
  18 orcs
  3 bats
  5 endoplasms
  4 giant cockroaches
  19 goblins
  8 hobgoblins
  2 jackals (D:1)
  4 quokkas
  4 ball pythons
  A frilled lizard (D:1)
  6 kobolds
  2 rats
128 creatures vanquished.

Vanquished Creatures (collateral kills)
  A centaur warrior (D:9)
  A cyclops (D:9)
  Maggie (D:8)
  A hornet (D:9)
  An orc warrior (D:7)
  An ogre (D:6)
  A bullfrog (D:7)
  2 necrophages
  A scorpion (D:6)
  2 howler monkeys
  An orc priest (D:7)
  An orc wizard (D:7)
  An adder (D:5)
  2 orcs (D:8)
17 creatures vanquished.

Vanquished Creatures (others)
  A wizard (D:7)
  A dancing weapon (D:3)
2 creatures vanquished.

Grand Total: 147 creatures vanquished

Notes
Turn   | Place    | Note
-------+----------+-------------------------------------------
     0 | D:1      | ragingrage the Draconian Hexslinger began the quest for the
                  | Orb.
     0 | D:1      | Reached XP level 1. HP: 16/16 MP: 2/2
   130 | D:1      | Reached skill level 2 in Ranged Weapons
   211 | D:1      | Reached XP level 2. HP: 23/23 MP: 3/3
   532 | D:1      | Found a faded altar of an unknown god.
   647 | D:1      | Reached skill level 3 in Ranged Weapons
   835 | D:2      | Reached XP level 3. HP: 14/28 MP: 4/4
   941 | D:2      | Found a snail-covered altar of Cheibriados.
   950 | D:2      | Identified the +1 scale mail of the Grey Skies {+Inv rElec}
  1968 | D:3      | Reached XP level 4. HP: 35/35 MP: 5/5
  2437 | D:3      | Reached skill level 4 in Ranged Weapons
  2438 | D:3      | Noticed Robin
  2758 | D:2      | Learned a level 3 spell: Tukima's Dance
  3114 | D:4      | Noticed Sigmund
  3128 | D:4      | Killed Sigmund
  3129 | D:4      | Reached XP level 5. HP: 37/40 MP: 3/6
  3129 | D:4      | Reached XP level 6. HP: 44/47 MP: 3/7
  3183 | D:4      | Reached skill level 5 in Ranged Weapons
  3579 | D:3      | Killed Robin
  3861 | D:4      | Noticed Grinder
  3870 | D:4      | Killed Grinder
  3871 | D:4      | Your scales start taking on a fiery red colour.
  3871 | D:4      | Reached XP level 7. HP: 50/52 MP: 8/8
  3871 | D:4      | Gained mutation: Your flesh is heat resistant. (rF+) [Red
                  | Draconian growth]
  3925 | D:4      | Reached skill level 6 in Ranged Weapons
  3997 | D:4      | Reached skill level 5 in Hexes
  4140 | D:4      | Noticed Edmund
  4148 | D:4      | Killed Edmund
  4392 | D:4      | Found a staircase to the Ecumenical Temple.
  4460 | Temple   | Entered the Ecumenical Temple
  4552 | Temple   | Became a worshipper of Hepliaklqana the Forgotten
  4826 | D:4      | Reached skill level 7 in Ranged Weapons
  5147 | D:5      | Entered Level 5 of the Dungeon
  5180 | D:5      | Reached XP level 8. HP: 59/59 MP: 9/9
  5507 | D:5      | Reached * piety under Hepliaklqana
  6021 | D:6      | Reached skill level 8 in Ranged Weapons
  6037 | D:6      | Identified the +1 pair of gloves of the Moon Troll {rPois
                  | Str+2 Dex+4 Slay+2}
  6184 | D:6      | Found a runed translucent gate.
  6184 | D:6      | Found a runed translucent gate.
  6184 | D:6      | Found a runed translucent gate.
  6184 | D:6      | Noticed Zonian's ghost (novice VSBr)
  6185 | D:6      | Noticed Bediveer's ghost (novice HuWn)
  6329 | D:6      | Found a white marble altar of Elyvilon.
  6329 | D:6      | Found a blossoming altar of Fedhas.
  6379 | D:6      | Noticed Prince Ribbit
  6386 | D:6      | Killed Prince Ribbit
  6387 | D:6      | Reached skill level 9 in Ranged Weapons
  6626 | D:7      | Learned a level 3 spell: Portal Projectile
  6669 | D:7      | Reached XP level 9. HP: 57/57 MP: 10/10
  6716 | D:7      | Reached skill level 10 in Ranged Weapons
  6725 | D:7      | Reached ** piety under Hepliaklqana
  6726 | D:7      | Remembered your ancestor Servia as a knight
  7057 | D:7      | Found a bloodstained altar of Trog.
  7064 | D:7      | Noticed a wizard
  7066 | D:7      | Killed a wizard
  7353 | D:8      | Noticed Maggie
  7774 | D:8      | Reached skill level 11 in Ranged Weapons
  7829 | D:8      | Killed Maggie
  8006 | D:8      | Reached skill level 12 in Ranged Weapons
  8152 | D:9      | Noticed a centaur warrior
  8168 | D:9      | Killed a centaur warrior
  8169 | D:9      | Reached XP level 10. HP: 45/63 MP: 11/11
  8351 | D:9      | Noticed a cyclops
  8356 | D:9      | Noticed a boulder beetle
  8360 | D:9      | Killed a cyclops
  8363 | D:9      | Mangled by a boulder beetle

Illustrated notes

Levels and vault maps discovered:
D:1:      lemuel_arrival_cross, layout_loops_cross,
          shapermc_ecumenical_altar_petra
D:2:      layout_loops_ring, basic_altar, chequers_serial_rivers_micro_e,
          grunt_ministairs_14, small_statue_intersection
D:3:      layout_loops_ring, kennysheep_generic_room_16, uniq_robin
D:4:      minmay_recursive_quarters, layout_gridville,
          minmay_temple_entry_waves, uniq_grinder, uniq_sigmund, uniq_edmund
D:5:      layout_loops_ring, minmay_misc_feat_columns
D:6:      layout_rooms, mainiacjoe_overflow_divided_tiny,
          gammafunk_ghost_cemetery, uniq_prince_ribbit1
D:7:      layout_gridville, trog_wizard
D:8:      layout_rooms, grunt_ministairs_15, uniq_maggie
D:9:      minmay_diamond_stairs, layout_basic
Temple:   minmay_temple_bridge_d

Skill      XL: |  1  2  3  4  5  6  7  8  9 |
---------------+----------------------------+-----
Ranged Weapons | 2 3 4 5 7 9 12 | 12.8
Hexes          | 4 5 6 |  6.0
Fighting       | |  1.1
Dodging        | |  1.7
Spellcasting   | |  1.0

Action                   |  1- 3 |  4- 6 |  7- 9 | 10-12 || total
-------------------------+-------+-------+-------+-------++-------
 Fire: Sling             |   140 |   129 |   258 |    15 ||   542
Throw: Dart              |       |       |       |     1 ||     1
 Cast: Slow              |    13 |    11 |       |       ||    24
       Tukima's Dance    |       |     3 |       |       ||     3
Invok: Ancestor Life: Kn |       |       |     1 |       ||     1
 Abil: Breathe Fire      |       |       |     9 |     1 ||    10
Evoke: Wand              |       |       |     1 |       ||     1
Armor: Skin              |    30 |    21 |    17 |       ||    68
Dodge: Dodged            |    66 |    57 |    29 |       ||   152

Table legend: (Time is in decaauts)
 A = Elapsed time spent in this place.
 B = Non-inter-level travel time spent in this place.
 C = Inter-level travel time spent in this place.
 D = Time resting spent in this place.
 E = Time spent auto-exploring this place.
 F = Levels seen in this place.
 G = Mean time per level.
                   A        B        C        D        E       F      G
               +--------+--------+--------+--------+--------+-----+--------+
         Total |   8414 |   7917 |    497 |   1903 |   4719 |  10 |  841.4 |
       Dungeon |   8253 |   7844 |    409 |   1903 |   4657 |   9 |  917.0 |
        Temple |    160 |     73 |     87 |      0 |     62 |   1 |  160.0 |
               +--------+--------+--------+--------+--------+-----+--------+

Top non-repeatable levels by time:
     D:2: 1482 daAuts
     D:4: 1480 daAuts
     D:3: 1235 daAuts
     D:5: 862 daAuts
     D:8: 861 daAuts
     D:1: 855 daAuts
     D:7: 674 daAuts
     D:6: 574 daAuts
     D:9: 226 daAuts
  Temple: 160 daAuts
